 Dungeon Sprint DCSS version 0.21.1-1-g345015f (webtiles) character file.

6000000 Fang the Axe Maniac (level 26, -2/266 HPs)
             Began as a Minotaur Gladiator on May 3, 2018.
             Was the Champion of Makhleb.
             Killed from afar by a large bag of meat (40 damage)
             ... with an exploding inner flame
             ... in the Dungeon (Sprint VIII: "Arena of Blood").
             The game lasted 00:01:03 (60 turns).

Fang the Axe Maniac (Minotaur Gladiator)              Turns: 60, Time: 00:01:03

Health: -2/266     AC:  6    Str: 31    XL:     26   Next: 73%
Magic:  27/53      EV: 28    Int:  5    God:    Makhleb [******]
Gold:   0          SH:  0    Dex: 12    Spells: 79/79 levels left

rFire    . . .     SeeInvis .   l - +∞ Axe of Woe
rCold    . . .     Gourm    .   (shield currently unavailable)
rNeg     . . .     Faith    .   b - +0 leather armour
rPois    .         Spirit   .   c - +0 hat
rElec    .         Reflect  .   (no cloak)
rCorr    .         Harm     .   (no gloves)
MR       +....     NoTele   +   (no boots)
Stlth    +++++++++.             (no amulet)
HPRegen  0.54/turn              (no ring)
MPRegen  0.33/turn              (no ring)

@: no status effects
A: retaliatory headbutt, horns 2
a: Minor Destruction, Lesser Servant of Makhleb, Major Destruction, Greater
Servant of Makhleb, Renounce Religion


You were in the Dungeon.
You worshipped Makhleb.
Makhleb was exalted by your worship.
You were not hungry.

You visited 1 branch

Inventory:

Hand Weapons
 a - a +0 war axe
 l - the +∞ Axe of Woe (weapon)
   (You found it in the Dungeon)
Missiles
 d - 3 throwing nets (quivered)
Armour
 b - a +0 leather armour (worn)
 c - a +0 hat (worn)
Scrolls
 k - a scroll of blinking
Potions
 e - a potion of curing
 g - a potion of heal wounds
 h - a potion of haste
 i - 2 potions of magic
 j - a potion of berserk rage
Comestibles
 f - a ration


   Skills:
 O Level 27 Fighting
 O Level 27 Axes
 O Level 27 Throwing
 O Level 27 Armour
 O Level 27 Dodging
 O Level 27 Stealth
 O Level 27 Unarmed Combat
 O Level 27 Spellcasting
 O Level 27 Invocations


You had 79 spell levels left.
You didn't know any spells.

Dungeon Overview and Level Annotations

Branches:
Dungeon (1/1)

Altars:
Makhleb

Annotations:
D The Servant


Innate Abilities, Weirdness & Mutations

You reflexively headbutt those who attack you in melee.
You have a pair of horns on your head.


Message History

You kill the bag of meat!
Makhleb accepts your kill.
You feel better.
You are engulfed in blazing flames.
* * * LOW HITPOINT WARNING * * *
The tyrant gestures wildly while chanting.
The tyrant seems to speed up.
The small abomination moves out of view.
You hear a shout! x2
The large abomination is engulfed in blazing flames.
You hear a shout! x2
The eight-headed meat hydra calls on the powers of darkness!
The eight-headed meat hydra convulses!
The bag of meat convulses! x2
Your body is wracked with pain!
* * * LOW HITPOINT WARNING * * *
The large bag of meat convulses!
You hear a shout!
You slash the large bag of meat!
You hew the large bag of meat savagely.
The large bag of meat explodes!
The fiery explosion engulfs you!
You die...

... ......... ....
#.....O.# .#...
#.......#
.....###.... ..###.
......o)))###......
..#.O..)xM)_.%....
#......)#)xx..#..
.....X))#§§@._#
#.......#@§...#%.
..#....o§z§_...%..
.....X..§X###......
....L###X§X ..###.
..... #..o. ..#
....O #LDM.. .#


MX....... .X...... .......... You could see 3 accurseds, a tentacled
monstrosity, 2 tyrants, The Servant, an eight-headed meat hydra, a sculptor of
flesh, 5 large abominations, 3 small abominations and 2 bags of meat.

Vanquished Creatures
  8 vampire knights (D)
  18 ogres (D)
  2 two-headed ogres (D)
  A hydra (D)
  25 orcs (D)
  A skeletal warrior (D)
  3 small abominations (D)
  5 crawling corpses (D)
63 creatures vanquished.

Notes
Turn   | Place    | Note
-------+----------+-------------------------------------------
     0 | D        | Found the +∞ Axe of Woe
     0 | D        | Fang the Minotaur Gladiator began the quest for the Orb.
     0 | D        | Reached XP level 1. HP: 18/18 MP: 0/0
     3 | D        | Noticed a bag of meat
     3 | D        | Noticed a bag of meat
     4 | D        | Became a worshipper of Makhleb the Destroyer
     6 | D        | Noticed a bag of meat
     6 | D        | Noticed a bag of meat
     6 | D        | Noticed a bag of meat
     7 | D        | Noticed a bag of meat
     7 | D        | Killed a bag of meat
     7 | D        | Reached XP level 2. HP: 42/42 MP: 1/1
     7 | D        | Reached XP level 3. HP: 49/49 MP: 2/2
     7 | D        | Reached XP level 4. HP: 57/57 MP: 3/3
     7 | D        | Reached XP level 5. HP: 63/63 MP: 4/4
     7 | D        | Reached XP level 6. HP: 71/71 MP: 5/5
     7 | D        | Reached XP level 7. HP: 78/78 MP: 6/6
     7 | D        | Reached XP level 8. HP: 85/85 MP: 7/7
     7 | D        | Reached XP level 9. HP: 91/91 MP: 8/8
     7 | D        | Reached XP level 10. HP: 99/99 MP: 9/9
     7 | D        | Reached XP level 11. HP: 105/105 MP: 10/10
     8 | D        | Noticed a bag of meat
     8 | D        | Noticed a meat berserker
    10 | D        | Noticed a meat berserker
    10 | D        | Noticed a meat berserker
    10 | D        | Killed a bag of meat
    10 | D        | Reached * piety under Makhleb
    10 | D        | Reached XP level 12. HP: 117/117 MP: 11/11
    12 | D        | Noticed a meat berserker
    12 | D        | Killed a bag of meat
    12 | D        | Reached skill level 15 in Fighting
    12 | D        | Reached XP level 13. HP: 101/127 MP: 12/12
    12 | D        | Killed a bag of meat
    12 | D        | Reached skill level 27 in Axes
    12 | D        | Reached XP level 14. HP: 110/138 MP: 13/13
    13 | D        | Noticed a bag of meat
    13 | D        | Noticed a meat berserker
    13 | D        | Killed a meat berserker
    13 | D        | Reached ** piety under Makhleb
    13 | D        | Reached skill level 27 in Dodging
    13 | D        | Reached XP level 15. HP: 155/155 MP: 14/14
    14 | D        | Reached skill level 5 in Armour
    15 | D        | Killed a meat berserker
    15 | D        | Reached *** piety under Makhleb
    15 | D        | Reached skill level 27 in Fighting
    15 | D        | Reached XP level 16. HP: 183/183 MP: 15/15
    16 | D        | Noticed a meat berserker
    16 | D        | Killed a meat berserker
    16 | D        | Reached skill level 27 in Throwing
    16 | D        | Reached XP level 17. HP: 191/191 MP: 16/16
    17 | D        | Killed a meat berserker
    18 | D        | Noticed a meat berserker
    18 | D        | Killed a meat berserker
    18 | D        | Reached **** piety under Makhleb
    18 | D        | Reached skill level 27 in Armour
    18 | D        | Reached XP level 18. HP: 200/200 MP: 17/17
    19 | D        | Killed a meat berserker
    19 | D        | Reached skill level 15 in Unarmed Combat
    19 | D        | Reached skill level 10 in Spellcasting
    21 | D        | Killed a meat berserker
    21 | D        | Reached skill level 15 in Stealth
    21 | D        | Reached XP level 19. HP: 207/207 MP: 17/34
    22 | D        | Noticed a meat berserker
    22 | D        | Noticed a meat berserker
    22 | D        | Noticed a destroyer
    23 | D        | Reached ***** piety under Makhleb
    23 | D        | Reached skill level 15 in Spellcasting
    25 | D        | Noticed a destroyer
    28 | D        | Killed a meat berserker
    28 | D        | Reached XP level 20. HP: 206/216 MP: 18/40
    29 | D        | Noticed a destroyer
    30 | D        | Killed a destroyer
    30 | D        | Reached skill level 27 in Unarmed Combat
    30 | D        | Killed a meat berserker
    30 | D        | Reached XP level 21. HP: 163/224 MP: 19/44
    33 | D        | Killed a destroyer
    33 | D        | Reached skill level 27 in Stealth
    33 | D        | Reached skill level 27 in Invocations
    36 | D        | Killed a destroyer
    36 | D        | Reached ****** piety under Makhleb
    36 | D        | Reached skill level 27 in Spellcasting
    36 | D        | Reached XP level 22. HP: 204/233 MP: 20/52
    38 | D        | Noticed a destroyer
    41 | D        | Reached XP level 23. HP: 240/240 MP: 22/53
    42 | D        | Noticed a large bag of meat
    43 | D        | Noticed a destroyer
    43 | D        | Noticed a destroyer
    46 | D        | Noticed a large bag of meat
    46 | D        | Killed a destroyer
    47 | D        | Noticed The Servant
    47 | D        | Noticed a large bag of meat
    47 | D        | Noticed a destroyer
    48 | D        | Reached XP level 24. HP: 151/249 MP: 24/53
    49 | D        | Noticed a tyrant
    51 | D        | Noticed an accursed
    51 | D        | Killed a destroyer
    51 | D        | Reached XP level 25. HP: 257/257 MP: 25/53
    52 | D        | Noticed a destroyer
    53 | D        | Noticed a tyrant
    54 | D        | Noticed an accursed
    54 | D        | Killed a large bag of meat
    54 | D        | Killed a destroyer
    55 | D        | Noticed an accursed
    56 | D        | Noticed an accursed
    56 | D        | Reached XP level 26. HP: 266/266 MP: 26/53
    57 | D        | Killed a destroyer
    57 | D        | Killed a large bag of meat
    57 | D        | Killed a destroyer
    60 | D        | Killed a large bag of meat
    60 | D        | Killed from afar by a large bag of meat

Skill      XL: |  1  2  3  4  5  6  7  8  9 10 11 12 13 14 15 16 17 18 19 20 21 |
---------------+----------------------------------------------------------------+-----
Fighting       | 12 14 15 16 20 27 | 27.0
Axes           | 20 23 25 27 | 27.0
Throwing       | 9 11 12 13 16 24 27 | 27.0
Dodging        | 18 21 22 24 27 | 27.0
Armour         | 2 7 17 27 | 27.0
Stealth        | 15 21 25 27 | 27.0
Unarmed Combat | 18 24 27 | 27.0
Spellcasting   | 12 17 20 27 | 27.0
Invocations    | 16 22 26 27 | 27.0

Action                   |  1- 3 |  4- 6 |  7- 9 | 10-12 | 13-15 | 16-18 | 19-21 | 22-24 | 25-27 || total
-------------------------+-------+-------+-------+-------+-------+-------+-------+-------+-------++-------
Melee: Executioner's axe |     1 |       |       |     2 |     3 |     5 |     6 |     8 |     7 ||    32
Dodge: Dodged            |       |       |       |       |       |       |     1 |     2 |     2 ||     5
